 Dungeon Crawl Stone Soup version 0.26-a0-1139-g7d2dc893a1 (webtiles) character file.

Game seed: 8769027094165836937

644 HoaS the Cudgeller (level 7, -1/41 HPs)
             Began as a Gargoyle Fighter on Dec 21, 2020.
             Was a Believer of Makhleb.
             Slain by an ogre
             ... wielding a +0 giant club
              (11 damage)
             ... on level 4 of the Dungeon.
             The game lasted 00:07:45 (3549 turns).

HoaS the Cudgeller (Gargoyle Fighter)               Turns: 3549, Time: 00:07:46

Health: -1/41      AC: 17    Str: 21    XL:     7   Next: 52%
Magic:  7/7        EV:  4    Int:  9    God:    Makhleb [**....]
Gold:   180        SH: 10    Dex:  9    Spells: 6/6 levels left

rFire    . . .     SeeInvis +   a - +1 flail
rCold    . . .     Faith    .   c - +0 kite shield
rNeg     + . .     Spirit   .   i - +0 plate armour
rPois    ∞         Reflect  .   (no helmet)
rElec    +         Harm     .   (no cloak)
rCorr    .         Rampage  .   (no gloves)
Will     .....                  j - +0 pair of boots
Stlth    ..........             (no amulet)
HPRegen  0.13/turn              o - ring of see invisible
MPRegen  0.10/turn              (no ring)

@: no status effects
A: negative energy resistance 1, electricity resistance, unbreathing,
petrification resistance, miasma immunity, AC +4
a: Renounce Religion, Minor Destruction


You were on level 4 of the Dungeon.
You worshipped Makhleb.
Makhleb was pleased with you.
You visited 1 branch of the dungeon, and saw 4 of its levels.
You also visited: Sewer.

You collected 180 gold pieces.

Inventory:

Hand Weapons
 a - a +1 flail (weapon)
Armour
 c - a +0 kite shield (worn)
 i - a +0 plate armour (worn)
 j - a +0 pair of boots (worn)
Jewellery
 o - a ring of see invisible (left hand)
Wands
 n - a wand of digging (7)
Scrolls
 e - 2 scrolls of teleportation
 h - 3 scrolls of remove curse
 l - a scroll of identify
Potions
 b - 3 potions of curing
 d - 4 potions of might
 f - a potion of haste {unknown}
 g - 9 potions of heal wounds
 k - a potion of magic {unknown}
 m - a potion of brilliance {unknown}
 p - a potion of flight {unknown}
 q - a potion of invisibility {unknown}


   Skills:
 - Level 3.2 Fighting
 * Level 6.8 Maces & Flails
 - Level 3.2 Armour
 + Level 5.9 Shields


You had 6 spell levels left.
You didn't know any spells.
Your spell library was empty.

Dungeon Overview and Level Annotations

Branches:
Dungeon (4/15)              Sewer (visited)
 Temple: D:4-7

Altars:
Elyvilon
Fedhas
Gozag
Makhleb
Okawaru
Sif Muna
Vehumet
Xom


Innate Abilities, Weirdness & Mutations

You are resistant to torment.
Your stone body is resilient. (AC +4)
You are immune to poison.
You resist negative energy. (rN+)
You are resistant to electric shocks. (rElec)
You can survive without breathing.
You are immune to petrification.
You are immune to miasma.


Message History

You block the hound's attack.
You barely miss the ogre.
The ogre is lightly wounded.
The hound bites you but does no damage. You block the ogre's attack.
You sock the ogre!
The ogre is heavily wounded.
You block the hound's attack. The hound bites you but does no damage.
You hit the ogre.
The ogre is severely wounded.
You block the hound's attack. The ogre hits you with a +0 giant club!
The hound bites you.
You hit the ogre.
The ogre is almost dead.
The ogre hits you with a +0 giant club!
* * * LOW HITPOINT WARNING * * *
You block the hound's attack.
You barely miss the ogre.
The ogre is almost dead.
You block the hound's attack. The ogre hits you with a +0 giant club!
You die...

.......[ ........ ..
<.... .##..... .. .....
## ..# #.###....# .# #
#......... <# . .#.
###........# .#..
...##...........
.......<........Oh......
.......# .....#@.......
........ #.#.#.8.#....
...##+#. ##............
...# #....$.8...... ...#
[.#........#.#.. ####
#........8......
#...#......##...
#####....8.#....
#...........8


You could see an ogre and a hound.

Vanquished Creatures
  A phantom (D:4)
  An ogre (D:4)
  2 big kobolds (Sewer)
  An orc priest (D:3)
  A bullfrog skeleton (D:4)
  A worker ant (D:4)
  A hound skeleton (D:4)
  11 adders
  A river rat (D:3)
  4 oozes
  2 worms (D:4)
  A dart slug (D:1)
  3 leopard geckos
  14 orcs
  9 ball pythons
  7 bats
  5 giant cockroaches
  9 goblins
  10 hobgoblins
  6 jackals (D:3)
  2 frilled lizards
  14 kobolds
  3 rats
109 creatures vanquished.

Notes
Turn   | Place    | Note
-------+----------+-------------------------------------------
     0 | D:1      | HoaS the Gargoyle Fighter began the quest for the Orb.
     0 | D:1      | Reached XP level 1. HP: 14/14 MP: 1/1
    82 | D:1      | Reached XP level 2. HP: 13/19 MP: 2/2
   471 | D:1      | Reached skill level 3 in Maces & Flails
   476 | D:1      | Reached XP level 3. HP: 20/23 MP: 3/3
  1084 | D:2      | Reached XP level 4. HP: 28/28 MP: 4/4
  1308 | D:2      | Found a white marble altar of Elyvilon.
  1310 | D:2      | Found a burning altar of Makhleb.
  1314 | D:2      | Became a worshipper of Makhleb the Destroyer
  1317 | D:2      | Found an opulent altar of Gozag.
  1317 | D:2      | Found a shimmering blue altar of Sif Muna.
  1317 | D:2      | Found a radiant altar of Vehumet.
  1322 | D:2      | Found a shimmering altar of Xom.
  1421 | D:2      | Found a blossoming altar of Fedhas.
  1733 | D:3      | Reached skill level 4 in Maces & Flails
  1838 | D:3      | Found a glowing drain.
  1865 | Sewer    | Entered a sewer
  1886 | Sewer    | Noticed a big kobold
  1908 | Sewer    | Killed a big kobold
  1909 | Sewer    | Reached XP level 5. HP: 16/32 MP: 5/5
  2193 | Sewer    | Reached * piety under Makhleb
  2218 | Sewer    | Noticed a big kobold
  2234 | Sewer    | Killed a big kobold
  2235 | Sewer    | Reached skill level 5 in Maces & Flails
  2235 | Sewer    | Reached skill level 5 in Shields
  2235 | Sewer    | Reached XP level 6. HP: 34/37 MP: 6/6
  2949 | D:3      | Found an iron altar of Okawaru.
  3109 | D:4      | Reached skill level 6 in Maces & Flails
  3109 | D:4      | Reached XP level 7. HP: 7/41 MP: 7/7
  3523 | D:4      | Reached ** piety under Makhleb
  3549 | D:4      | Slain by an ogre

Illustrated notes

Levels and vault maps discovered:
D:1:      tarquinn_simple_flora_water_a, layout_loops_cross, minivault_4
D:2:      layout_basic, minitemple, fedhas_altar_fruit_tree
D:3:      layout_basic, lemuel_coloured_pillars_altar, portal_sewer_entry_a
D:4:      minmay_chambers_of_twos, layout_cave_pools, serial_column_ruins,
          column_ruins_open_medium, column_ruins_columns_straight,
          column_ruins_columns_straight, column_ruins_grid_3,
          column_ruins_grid_1

Skill      XL: |  1  2  3  4  5  6 |
---------------+-------------------+-----
Maces & Flails | 3 4 5 6 |  6.8
Shields        | 4 5 |  5.9
Fighting       | |  3.2
Armour         | |  3.2

Action                   |  1- 3 |  4- 6 |  7- 9 || total
-------------------------+-------+-------+-------++-------
Melee: Flail             |   123 |   343 |    62 ||   528
  Use: Scroll            |     3 |     4 |     2 ||     9
       Potion            |       |     1 |       ||     1
Armor: Scale mail        |    31 |       |       ||    31
       Plate armour      |    67 |   303 |    45 ||   415
Dodge: Dodged            |    23 |    63 |     7 ||    93
Block: Kite shield       |    61 |   232 |    41 ||   334

Table legend: (Time is in decaauts)
 A = Elapsed time spent in this place.
 B = Non-inter-level travel time spent in this place.
 C = Inter-level travel time spent in this place.
 D = Time resting spent in this place.
 E = Time spent auto-exploring this place.
 F = Levels seen in this place.
 G = Mean time per level.
                   A        B        C        D        E       F      G
               +--------+--------+--------+--------+--------+-----+--------+
         Total |   3710 |   3619 |     91 |    500 |   2072 |   5 |  742.0 |
       Dungeon |   3164 |   3073 |     91 |    361 |   1891 |   4 |  791.0 |
         Sewer |    545 |    545 |      0 |    139 |    181 |   1 |  545.0 |
               +--------+--------+--------+--------+--------+-----+--------+

Top non-repeatable levels by time:
     D:3: 1159 daAuts
     D:1: 839 daAuts
     D:2: 685 daAuts
   Sewer: 545 daAuts
     D:4: 481 daAuts
